 Dungeon Crawl Stone Soup version 0.22-a0-515-g75794bf (webtiles) character file.

3 Amnesiac the Charmwright (level 1, -3/10 HPs)
             Began as a Spriggan Wanderer on June 19, 2018.
             Killed by nerve-wracking pain
             ... invoked by a shadow imp
              (9 damage)
             ... on level 3 of the Dungeon.
             The game lasted 00:02:11 (263 turns).

Amnesiac the Charmwright (Spriggan Wanderer)         Turns: 263, Time: 00:02:11

Health: -3/10      AC:  2    Str:  6    XL:     1   Next: 41%
Magic:  1/4        EV: 15    Int: 13    God:
Gold:   18         SH:  0    Dex: 17    Spells: 2/3 levels left

rFire    . . .     SeeInvis +   c - +0 short sword
rCold    . . .     Gourm    .   (shield restricted)
rNeg     . . .     Faith    .   d - +0 robe
rPois    .         Spirit   .   (helmet restricted)
rElec    .         Reflect  .   (no cloak)
rCorr    .         Harm     .   (gloves unavailable)
MR       .....                  (boots unavailable)
Stlth    ++........             (no amulet)
HPRegen  0.03/turn              (no ring)
MPRegen  0.09/turn              (no ring)

@: infused, very quick
A: very small, unfitting armour, see invisible, herbivore, speed 3, slow
metabolism 2
a: no special abilities


You were on level 3 of the Dungeon.
You were not hungry.

You visited 1 branch of the dungeon, and saw 3 of its levels.

You collected 18 gold pieces.

Inventory:

Hand Weapons
 c - a +0 short sword (weapon)
 e - a +0 dagger
Armour
 d - a +0 robe (worn)
Comestibles
 f - a ration


   Skills:
 - Level 1.0 Fighting
 - Level 1.1 Short Blades
 - Level 3.1 Stealth
 - Level 1.5 Spellcasting
 + Level 5.9 Charms
   Level 1.3 Evocations


You had 2 spell levels left.
You knew the following spells:

 Your Spells              Type           Power        Failure   Level  Hunger
a - Infusion              Chrm           ###.         2%          1    ##.....

Your spell library contained the following spells:

 Spells                   Type           Power        Failure   Level  Hunger
 Animate Skeleton         Necr           N/A          26%         1    ##.....
 Vampiric Draining        Necr           #.........   63%         3    ####...
 Regeneration             Chrm/Necr      #.........   24%         3    ####...
 Shroud of Golubria       Chrm/Tloc      #.........   12%         2    ###....
 Song of Slaying          Chrm           ###.....     3%          2    ###....
 Spectral Weapon          Hex/Chrm       #.......     24%         3    ####...


Dungeon Overview and Level Annotations

Branches:
Dungeon (3/15)

Altars:


Innate Abilities, Weirdness & Mutations

You are very small and have problems with some larger weapons.
You are too small for most types of armour.
You have supernaturally acute eyesight. (SInv)
You are a herbivore.
You cover ground extremely quickly.
You need to consume almost no food.


Message History

Found a stone staircase leading down.
An adder comes into view.
You open the door.
The adder hisses angrily.
There is an open door here.
You close the door.
Found a club.
A bat comes into view.
There is a stone staircase leading down here.
You climb downwards.
A rat comes into view.
There is a stone staircase leading up here.
The helpless rat fails to defend itself.
You puncture the rat!
You kill the rat!
Found 24 stones.
A kobold comes into view. It is wielding a club.
Found a fizzy brown potion.
Found a ration.
The kobold shouts!
Found a scroll labeled JAMYHY FUOQIN.
Found a stone staircase leading down.
The kobold throws a stone.
The stone closely misses you.
You see here a stone.
A shadow imp comes into view.
The shadow imp moves out of view.
Found a lumpy pink potion.
You barely miss the kobold. The kobold misses you.
You miss the kobold. The kobold hits you with a club.
You see here a stone.
The shadow imp shouts, "Remove thy stench, thou droning miscreant serf!"
You aren't carrying any items that you can evoke.
You start resting.
The kobold is too close now for your liking.
Casting: Infusion (safe; 2% risk of failure)
Confirm with . or Enter, or press ? or * to list all spells.
You begin infusing your attacks with magical energy.
The kobold shouts!
The kobold hits you but does no damage.
You hit the kobold.
The kobold is moderately wounded.
The kobold barely misses you.
You barely miss the kobold.
The kobold is moderately wounded.
You closely miss the kobold.
The kobold is moderately wounded.
The kobold hits you with a club.
You closely miss the kobold.
The kobold is moderately wounded.
The kobold closely misses you.
You miss the kobold.
The kobold is moderately wounded.
The kobold barely misses you.
You barely miss the kobold.
The kobold is moderately wounded.
The kobold misses you.
You closely miss the kobold.
The kobold is moderately wounded.
The kobold closely misses you.
You hit the kobold.
You kill the kobold!
The shadow imp gestures at you. Pain shoots through your body!
Ouch! That really hurt!
You die...

...
###.########
. #.........#
#.......#.###
#.#####.#...#
#....##(###.#
####.##5#<#.#
#.##.#..†#
#.##.#####
#.##@# #..).#
######


You could see a shadow imp.

Vanquished Creatures
  A giant cockroach (D:1)
  A kobold (D:3)
  2 rats
4 creatures vanquished.

Notes
Turn   | Place    | Note
-------+----------+-------------------------------------------
     0 | D:1      | Amnesiac the Spriggan Wanderer began the quest for the Orb.
     0 | D:1      | Amnesiac set off with: a +0 short sword, a +0 robe, a +0 dagger, a ration
     0 | D:1      | Reached XP level 1. HP: 10/10 MP: 3/3
     2 | D:1      | Learned a level 1 spell: Infusion
   263 | D:3      | Killed from afar by a shadow imp

Vault maps used:
D:1:      dpeg_arrival_rhombi, minivault_19, minmay_misc_feat_encased,
          minmay_misc_feat_nine_boxes
D:2:      first_ration, hex_large
D:3:      kennysheep_potato

Action                   || total
-------------------------++-------
Melee: Short sword       ||    22
 Cast: Infusion          ||     2
 Stab: Sleeping          ||     1
Armor: Robe              ||     3
Dodge: Dodged            ||    14

Table legend:
 A = Spawn XP
 B = Non-spawn XP
 C = Spawn XP percentage of total XP
 D = Spawn monster count
 E = Non-spawn monster count
 F = Spawn count percentage of total count
 G = Total turns spent on level
                    A         B        C        D         E        F      G
               +---------+---------+-------+---------+---------+-------+---------
         Total |       0 |       5 |   0.0 |       0 |       4 |   0.0 |   263
               +---------+---------+-------+---------+---------+-------+---------
           D:1 |       0 |       3 |   0.0 |       0 |       2 |   0.0 |   176
           D:3 |       0 |       2 |   0.0 |       0 |       2 |   0.0 |    50
               +---------+---------+-------+---------+---------+-------+---------
